 Dungeon Crawl Stone Soup version 0.31-a0-557-g6e16503903 (webtiles) character file.

Game seed: 3840736781259093600

150 Newt the Changeling (level 5, 0/45 HPs)
             Began as a Draconian Shapeshifter on Aug 16, 2023.
             Was an Initiate of Gozag.
             Slain by an ogre
             ... wielding a +0 giant club
              (17 damage)
             ... on level 4 of the Dungeon.
             The game lasted 00:03:09 (2992 turns).

Newt the Changeling (Draconian Shapeshifter)        Turns: 2992, Time: 00:03:10

Health: 0/45       AC:  5    Str: 19    XL:     5   Next: 10%
Magic:  5/5        EV: 12    Int:  8    God:    Gozag
Gold:   112        SH:  0    Dex: 12    Spells: 4/4 levels left

rFire   . . .        h - +1 short sword (speed)
rCold   . . .        (no shield)
rNeg    . . .        (body armour unavailable)
rPois   .            (helmet currently unavailable)
rElec   .            (cloak currently unavailable)
rCorr   .            (gloves currently unavailable)
SInv    .            (boots currently unavailable)
Will    .....        (no amulet)
Stlth   +            (no ring)
HPRegen 0.27/turn    (no ring)
MPRegen 0.09/turn

%: no passive effects
@: beast-form
A: beast (slay +3), AC +5, unfitting armour, cold-blooded
a: Begin Untransformation, Renounce Religion, Potion Petition, Call Merchant,
Bribe Branch


You were on level 4 of the Dungeon.
You worshipped Gozag.
Gozag was aware of your devotion.
You were a hulking beast.
You visited 1 branch of the dungeon, and saw 4 of its levels.

You collected 163 gold pieces.
You paid 51 gold pieces to Gozag.

Inventory:

Hand Weapons
 h - a +1 short sword of speed (weapon)
Armour
 f - a +0 pair of boots
Talismans
 b - a beast talisman (active)
 c - a flux talisman
Scrolls
 d - 3 scrolls of teleportation
 i - a scroll of identify
 m - a scroll of revelation {unknown}
 n - a scroll of enchant weapon
 p - a scroll of blinking
Potions
 a - a potion of lignification
 e - a potion of degeneration
 g - a potion of berserk rage {unknown}
 j - a potion of haste {unknown}
 k - a potion of attraction {unknown}
 l - a potion of ambrosia {unknown}


   Skills:
 - Level 3.0 Fighting
 - Level 1.7 Dodging
 - Level 3.0 Unarmed Combat
 + Level 4.6 Shapeshifting


You had 4 spell levels left.
You didn't know any spells.
Your spell library contained the following spells:

 Spells                   Type           Power      Damage    Failure   Level
 Foxfire                  Conj/Fire      0%         2x1d4     41%         1
 Slow                     Hex            0%         N/A       41%         1
 Sting                    Tmut/Pois      0%         1d3       41%         1
 Poisonous Vapours        Pois/Air       0%         N/A       54%         2
 Confusing Touch          Hex            0%         N/A       78%         3
 Vampiric Draining        Necr           0%         2d6       78%         3
 Olgreb's Toxic Radiance  Pois           0%         N/A       99%         4
 Plasma Beam              Fire/Air       0%         2x1d10    100%        6
 Starburst                Conj/Fire      0%         6d3       100%        6


Dungeon Overview and Level Annotations

Branches:
Dungeon (4/15)
 Temple: D:4-7

Altars:
Elyvilon
Gozag
Xom


Innate Abilities, Weirdness & Mutations

You are a hulking beast.
Your limbs bulge with bestial killing power. (Slay +3)
Your plain brown scales are hard. (AC +5)
You cannot fit into any form of body armour.
You are cold-blooded and may be slowed by cold attacks.


Message History

Things that are here:
a +0 dagger; an orc corpse You now have 157 gold pieces (gained 1).
You now have 158 gold pieces (gained 1).
Found an opulent altar of Gozag.
No target in view!
You now have 159 gold pieces (gained 1).
You now have 160 gold pieces (gained 1).
You now have 161 gold pieces (gained 1).
You now have 162 gold pieces (gained 1).
You now have 163 gold pieces (gained 1).
p - a scroll of blinking No target in view!
There is an opulent altar of Gozag here.
You kneel at the altar of Gozag.
Gozag welcomes you!
You pay a service fee of 51 gold.
You open the door.
Found a whip.
Found a leather armour.
There is an open door here.
You open the door.
An ogre comes into view. It is wielding a +0 giant club.
The ogre shouts!
You hit the ogre.
The ogre is lightly wounded.
The ogre hits you with a +0 giant club!!
Ouch! That really hurt!
Unknown command.
Okay, then.
You feel much better. The ogre hits you with a +0 giant club!
You hit the ogre.
The ogre is moderately wounded.
You hit the ogre.
The ogre is heavily wounded.
You hit the ogre.
The ogre is severely wounded.
The ogre hits you with a +0 giant club!
You die...
Your body crumbles into a pile of gold.

... #######.. #.......
#......#########
#..)...#.......#
#......#.......#
#......#.......# ###########
#..h..[###.....#
..#...........#O##'####.....####
..#.........#...
#.............##
..#.........+...
######.....#...#
..#.........#... #8..#.........#
..'.........#... #_............#
..#.........##+# #8..#........##
..#.........# ..#######.....#)##
..#.........+.................#


You could see an ogre.

Vanquished Creatures
  An iguana (D:3)
  3 gnolls (D:4)
  2 adders (D:3)
  4 dart slugs
  2 orcs (D:4)
  8 endoplasms
  A giant cockroach (D:4)
  3 goblins (D:1)
  4 hobgoblins
  2 jackals (D:3)
  2 quokkas
  8 bats
  2 frilled lizards (D:1)
  8 kobolds
  26 rats
76 creatures vanquished.

Notes
Turn   | Place    | Note
-------+----------+-------------------------------------------
     0 | D:1      | Newt the Draconian Shapeshifter began the quest for the
                  | Orb.
     0 | D:1      | Reached XP level 1. HP: 16/16 MP: 1/1
   164 | D:1      | Reached XP level 2. HP: 14/25 MP: 2/2
   332 | D:1      | Found a faded altar of an unknown god.
   822 | D:2      | Reached XP level 3. HP: 31/31 MP: 3/3
   900 | D:2      | Found a shimmering altar of Xom.
  2151 | D:3      | Reached XP level 4. HP: 30/38 MP: 4/4
  2327 | D:3      | Reached skill level 4 in Shapeshifting
  2615 | D:4      | Reached XP level 5. HP: 16/45 MP: 5/5
  2885 | D:4      | Found a white marble altar of Elyvilon.
  2936 | D:4      | Found an opulent altar of Gozag.
  2971 | D:4      | Became a worshipper of Gozag Ym Sagoz the Greedy
  2987 | D:4      | Noticed an ogre
  2992 | D:4      | Slain by an ogre

Illustrated notes

Levels and vault maps discovered:
D:1:      noname_arrival_rooms_in_the_neighbourhood, layout_loops_ring,
          ebering_ecumenical_altar_box, chequers_jeans,
          chequers_serial_rivers_room_b, supply_closet_lemuel, minivault_14,
          hangedman_decor_clover_reticule
D:2:      layout_basic, basic_altar
D:3:      layout_rooms, nicolae_eternal_life, grunt_ministairs_8,
          minmay_rat_hole
D:4:      layout_gridville, grunt_gozag_breadcrumbs, kennysheep_mini

Skill      XL: |  1  2  3  4 |
---------------+-------------+-----
Fighting       | 2 3 |  3.0
Shapeshifting  | 4 |  4.6
Dodging        | |  1.7
Unarmed Combat | |  3.0

Action                     |  1- 3 |  4- 6 || total
---------------------------+-------+-------++-------
  Melee: Unarmed           |    37 |       ||    37
         Short sword       |   119 |    59 ||   178
         Tailslap          |    15 |     8 ||    23
         Punch             |     4 |       ||     4
    Use: Scroll            |     9 |       ||     9
         Potion            |       |     2 ||     2
 Armour: Skin              |    40 |    15 ||    55
  Dodge: Dodged            |    81 |    25 ||   106

Table legend: (Time is in decaauts)
 A = Elapsed time spent in this place.
 B = Non-inter-level travel time spent in this place.
 C = Inter-level travel time spent in this place.
 D = Time resting spent in this place.
 E = Time spent auto-exploring this place.
 F = Levels seen in this place.
 G = Mean time per level.
                   A        B        C        D        E       F      G
               +--------+--------+--------+--------+--------+-----+--------+
         Total |   2945 |   2790 |    155 |    437 |   1926 |   4 |  736.2 |
       Dungeon |   2945 |   2790 |    155 |    437 |   1926 |   4 |  736.2 |
               +--------+--------+--------+--------+--------+-----+--------+

Top non-repeatable levels by time:
     D:3: 931 daAuts
     D:1: 812 daAuts
     D:2: 737 daAuts
     D:4: 464 daAuts
